 Dungeon Crawl Stone Soup version 0.21-a0-401-g0b6bec4 (webtiles) character file.

5940 Kavrick the Basher (level 10, -2/64 HPs)
             Began as a Gargoyle Fighter on Oct 22, 2017.
             Was a Priest of Qazlal.
             Slain by a komodo dragon (10 damage)
             ... on level 1 of the Lair of Beasts.
             The game lasted 00:13:11 (8537 turns).

Kavrick the Basher (Gargoyle Fighter)               Turns: 8537, Time: 00:13:13

Health: -2/64      AC: 23    Str: 22    XL:     10   Next: 83%
Magic:  13/13      EV:  5    Int: 10    God:    Qazlal [***...]
Gold:   396        SH: 15    Dex:  9    Spells: 9/9 levels left

rFire    . . .     SeeInvis .   D - +0 morningstar
rCold    . . .     Gourm    .   c - +0 shield
rNeg     + + .     Faith    .   l - +0 plate armour
rPois    ∞         Spirit   .   (no helmet)
rElec    +         Reflect  .   (no cloak)
rCorr    .         Harm     .   (no gloves)
MR       .....                  k - +1 pair of boots
Stlth    ..........             b - macabre finger necklace {rN+}
HPRegen  0.20/turn              m - ring of poison resistance
MPRegen  0.13/turn              p - ring of flight
                                (no ring)

@: no status effects
A: negative energy resistance 1, electricity resistance, unbreathing,
petrification resistance, rot immunity, AC +7
a: Upheaval, Elemental Force, Renounce Religion, Evoke Flight


You were on level 1 of the Lair of Beasts.
You worshipped Qazlal.
Qazlal was most pleased with you.
You were not hungry.

You visited 3 branches of the dungeon, and saw 10 of its levels.

You collected 396 gold pieces.

Inventory:

Hand Weapons
 D - a +0 morningstar (weapon)
Armour
 c - a +0 shield (worn)
 k - a +1 pair of boots (worn)
 l - a +0 plate armour (worn)
Jewellery
 b - the macabre finger necklace (around neck) {rN+}
   (You found it on level 7 of the Dungeon)

   [amulet of nothing]

   It protects you from negative energy.
 m - a ring of poison resistance (left hand)
 p - a ring of flight (right hand)
Scrolls
 d - a scroll of enchant weapon {unknown}
 e - 6 scrolls of identify
 i - 2 scrolls of immolation
 q - a scroll of remove curse
 s - 2 scrolls of fog
Potions
 a - 2 potions of agility {unknown}
 g - 3 potions of heal wounds
 h - 2 potions of flight {unknown}
 o - a potion of experience {unknown}
 r - a potion of lignification {unknown}
 t - 2 potions of curing {unknown}
 v - a potion of invisibility {unknown}
 w - 3 potions of berserk rage
 z - a potion of mutation {unknown}
 C - 2 potions of magic {unknown}
Books
 n - a book of Maledictions

   Spells                             Type                      Level
   a - Corona                         Hexes                        1
   b - Ensorcelled Hibernation        Hexes/Ice                    2
   c - Confuse                        Hexes                        3
   d - Tukima's Dance                 Hexes                        3
   e - Dazzling Spray                 Conjuration/Hexes            3
 y - a book of Air

   Spells                             Type                      Level
   a - Shock                          Conjuration/Air              1
   b - Swiftness                      Charms/Air                   2
   c - Static Discharge               Conjuration/Air              3
   d - Airstrike                      Air                          4
   e - Lightning Bolt                 Conjuration/Air              5
Comestibles
 f - 13 bread rations
 j - 7 chunks of flesh
 u - 3 meat rations
 A - a royal jelly


   Skills:
 + Level 8.2 Fighting
 * Level 10.0 Maces & Flails
 + Level 8.2 Armour
 + Level 8.3 Shields
 + Level 4.3 Invocations


You had 9 spell levels left.
You didn't know any spells.

Dungeon Overview and Level Annotations

Branches:
Dungeon (8/15)             Temple (1/1) D:4            Lair (1/6) D:8

Altars:
Ashenzari
Cheibriados
Dithmenos
Elyvilon
Fedhas
Gozag
Hepliaklqana
Kikubaaqudgha
Makhleb
Nemelex Xobeh
Okawaru
Qazlal
Ru
Sif Muna
Trog
Uskayaw
Vehumet
Wu Jian
Xom
Yredelemnul
Zin
The Shining One

Shops:
D:4 *   D:6 :?(   D:8 [


Innate Abilities, Weirdness & Mutations

You are resistant to torment.
Your stone body is resilient. (AC +7)
You are immune to poison.
You resist negative energy. (rN+)
You are resistant to electric shocks. (rElec)
You can survive without breathing.
You are immune to petrification.
You are immune to rotting.


Message History

You hit the komodo dragon but do no damage.
The komodo dragon is heavily wounded.
The komodo dragon bites you.
You impale the komodo dragon!!
The komodo dragon is almost dead.
You block the komodo dragon's attack.
You closely miss the komodo dragon.
The komodo dragon is almost dead.
The komodo dragon bites you!!
* * * LOW HITPOINT WARNING * * *
You hit the komodo dragon.
The komodo dragon is almost dead.
The komodo dragon bites you but does no damage.
You barely miss the komodo dragon.
The komodo dragon is almost dead.
The komodo dragon completely misses you.
You hit the komodo dragon but do no damage.
The komodo dragon is almost dead.
The komodo dragon bites you!
You die...

#..#.####.# ##...
#............#.# ##...
#............#.# #....
............#.# #....
...........#.# ###...
.#+#....#..#.#.####.P...
........................
......§.................
.......@.....#..#.######
.......l.(...######
........?.....#
.............##
.#...#........#
#....#.......# ########
+....#......$..........
#....#.................
... #...###########..#


You could see a komodo dragon.

Vanquished Creatures
  A wizard (D:7)
  A spiny frog (Lair:1)
  3 komodo dragons (Lair:1)
  3 blink frogs (Lair:1)
  A hippogriff (Lair:1)
  Sigmund (D:3)
  A spriggan (D:8)
  The ghost of Detram the Skirmisher, an amateur BaFi of Ru (D:4)
  3 water moccasins (Lair:1)
  4 phantoms
  2 orc warriors
  An ice beast (D:8)
  A necrophage (D:6)
  2 ogres (D:5)
  6 wolves
  3 centaurs
  2 bullfrogs
  A scorpion (Lair:1)
  A jelly (D:5)
  A howler monkey (D:5)
  A crimson imp (D:5)
  2 bullfrog zombies
  2 hounds
  A gnoll shaman (D:4)
  6 orc priests
  6 orc wizards
  A centaur skeleton (D:4)
  2 worker ants
  2 hound zombies
  2 hound skeletons
  5 worker ant zombies
  A howler monkey zombie (D:4)
  5 gnolls
  A howler monkey skeleton (D:8)
  7 adders
  An ooze (D:4)
  An adder zombie (D:4)
  4 adder skeletons
  3 worms (D:2)
  9 leopard geckos
  29 orcs
  7 bats
  9 giant cockroaches
  8 hobgoblins
  20 jackals
  4 kobolds
  3 quokkas
  2 ball pythons
  A ball python zombie (D:4)
  6 frilled lizards
  A giant cockroach zombie (D:4)
  7 goblins
  3 jackal skeletons
  A jackal zombie (D:4)
  3 leopard gecko zombies
  A quokka skeleton (D:5)
  A quokka zombie (D:4)
  4 rats
211 creatures vanquished.

Vanquished Creatures (others)
  2 orc wizards (D:4)
  An adder zombie (D:4)
  4 orcs (D:4)
7 creatures vanquished.

Grand Total: 218 creatures vanquished

Notes
Turn   | Place    | Note
-------+----------+-------------------------------------------
     0 | D:1      | Kavrick the Gargoyle Fighter began the quest for the Orb.
     0 | D:1      | Reached XP level 1. HP: 14/14 MP: 1/1
   163 | D:1      | Reached XP level 2. HP: 18/19 MP: 2/2
   697 | D:2      | Reached XP level 3. HP: 13/23 MP: 3/3
   985 | D:2      | Found a sacrificial altar of Ru.
  1250 | D:2      | Reached skill level 3 in Maces & Flails
  1286 | D:2      | Reached XP level 4. HP: 27/29 MP: 4/4
  1964 | D:3      | Reached XP level 5. HP: 21/33 MP: 5/5
  2662 | D:3      | Noticed Sigmund
  2683 | D:3      | Killed Sigmund
  2683 | D:3      | Reached skill level 4 in Maces & Flails
  2683 | D:3      | Reached XP level 6. HP: 21/39 MP: 6/6
  2897 | D:4      | Noticed Detram's ghost (amateur BaFi)
  3169 | D:4      | Killed Detram's ghost
  3169 | D:4      | Reached XP level 7. HP: 44/44 MP: 7/7
  3215 | D:3      | Reached skill level 5 in Maces & Flails
  3384 | D:4      | Reached skill level 5 in Fighting
  3384 | D:4      | Reached skill level 5 in Shields
  3452 | D:4      | Reached skill level 5 in Armour
  3696 | D:4      | Found a staircase to the Ecumenical Temple.
  3769 | Temple   | Entered the Ecumenical Temple
  4068 | Temple   | Became a worshipper of Qazlal Stormbringer
  4320 | D:4      | Found a shimmering altar of Xom.
  4362 | D:4      | Reached XP level 8. HP: 37/49 MP: 8/8
  4719 | D:4      | Reached skill level 6 in Maces & Flails
  4726 | D:4      | Found Syelow's Assorted Antiques.
  4902 | D:5      | Entered Level 5 of the Dungeon
  4965 | D:4      | Reached * piety under Qazlal
  5377 | D:5      | Reached skill level 7 in Maces & Flails
  5583 | D:5      | Found a shadowy altar of Dithmenos.
  5763 | D:6      | Reached XP level 9. HP: 52/56 MP: 9/9
  5845 | D:6      | Reached ** piety under Qazlal
  5957 | D:6      | Found Bahon's Weapon Shoppe.
  6341 | D:6      | Found Asupp's Book Shoppe.
  6387 | D:6      | Found Losuf's Magic Scroll Emporium.
  6580 | D:7      | Noticed an orc sorcerer
  6583 | D:7      | Noticed a wizard
  6585 | D:7      | Noticed a wizard
  6587 | D:7      | Noticed a wizard
  6593 | D:7      | Paralysed by a wizard for 7 turns
  6602 | D:7      | Killed a wizard
  6602 | D:7      | Reached skill level 8 in Maces & Flails
  6602 | D:7      | Reached skill level 1 in Invocations
  6608 | D:7      | Paralysed by an orc sorcerer for 2 turns
  6617 | D:7      | Noticed a rust devil
  6810 | D:7      | Found the macabre finger necklace {rN+}
  6905 | D:8      | Found Masuofeu's Armour Emporium.
  7234 | D:8      | Found a radiant altar of Vehumet.
  7456 | D:8      | Found a staircase to the Lair.
  7531 | Lair:1   | Entered Level 1 of the Lair of Beasts
  7542 | Lair:1   | Reached XP level 10. HP: 47/63 MP: 11/11
  7542 | Lair:1   | Reached skill level 9 in Maces & Flails
  7565 | Lair:1   | Reached *** piety under Qazlal
  7566 | Lair:1   | Noticed a spiny frog
  7588 | Lair:1   | Killed a spiny frog
  8523 | Lair:1   | Reached skill level 10 in Maces & Flails
  8537 | Lair:1   | Slain by a komodo dragon

Vault maps used:
D:1:      lightli_arrival_statue_moat
D:2:      nicolae_ru_great_annihilating_truth
D:3:      uniq_sigmund
D:4:      overflow_temple_1_default, lemuel_temple_firewalk_b, serial_shops,
          shop, serial_undead, serial_undead_d, serial_undead_a,
          serial_undead_a, serial_undead_a
D:5:      first_bread, nicolae_dithmenos_the_darkroom
D:6:      serial_shops, nicolae_shop_crystal, shop, shop,
          kennysheep_generic_room_15
D:7:      cheibrodos_wizards_tower, serial_shops, kennysheep_mini_moat
D:8:      lair_entry_dummy, serial_shops, shop, basic_altar, the_bakery
Temple:   nicolae_temple_the_god_donut

Skill      XL: |  1  2  3  4  5  6  7  8  9 10 |
---------------+-------------------------------+-----
Maces & Flails | 3 4 5 7 8 10 | 10.0
Fighting       | 4 5 6 7 8 |  8.2
Shields        | 4 5 6 7 8 |  8.3
Armour         | 4 5 6 7 8 |  8.2
Invocations    | 2 4 |  4.3

Action                   |  1- 3 |  4- 6 |  7- 9 | 10-12 || total
-------------------------+-------+-------+-------+-------++-------
Melee: Flail             |   111 |   305 |   508 |       ||   924
       Morningstar       |       |       |   182 |   132 ||   314
  Use: Potion            |       |     2 |       |       ||     2
       Scroll            |       |       |     9 |       ||     9
 Stab: Paralysed         |     1 |       |       |       ||     1
       Distracted        |       |     1 |       |       ||     1
  Eat: Chunk             |     1 |     7 |    15 |     4 ||    27
Armor: Scale mail        |    55 |     2 |       |       ||    57
       Plate armour      |       |   221 |   442 |   105 ||   768
Dodge: Dodged            |    44 |    51 |   103 |    33 ||   231
Block: Shield            |    67 |   164 |   453 |   134 ||   818

Table legend:
 A = Spawn XP
 B = Non-spawn XP
 C = Spawn XP percentage of total XP
 D = Spawn monster count
 E = Non-spawn monster count
 F = Spawn count percentage of total count
 G = Total turns spent on level
                    A         B        C        D         E        F      G
               +---------+---------+-------+---------+---------+-------+---------
         Total |       0 |    8486 |   0.0 |       0 |     211 |   0.0 |  8537
               +---------+---------+-------+---------+---------+-------+---------
           D:1 |       0 |      19 |   0.0 |       0 |      13 |   0.0 |   667
           D:2 |       0 |      92 |   0.0 |       0 |      27 |   0.0 |  1030
           D:3 |       0 |     472 |   0.0 |       0 |      44 |   0.0 |  1513
           D:4 |       0 |     928 |   0.0 |       0 |      46 |   0.0 |  1559
           D:5 |       0 |     775 |   0.0 |       0 |      19 |   0.0 |   634
           D:6 |       0 |     868 |   0.0 |       0 |      24 |   0.0 |   778
           D:7 |       0 |     767 |   0.0 |       0 |       3 |   0.0 |   406
           D:8 |       0 |    1062 |   0.0 |       0 |      19 |   0.0 |  1096
        Lair:1 |       0 |    3503 |   0.0 |       0 |      16 |   0.0 |   542
               +---------+---------+-------+---------+---------+-------+---------
